 Dungeon Crawl Stone Soup version 0.24.0-41-g2ae2f7f1be (webtiles) character file.

Game seed: 3838619849745509060, levelgen mode: deterministic

70 Gwanngwann the Chiller (level 4, -9/33 HPs)
             Began as a Draconian Ice Elementalist on Dec 14, 2019.
             Was an Initiate of Nemelex Xobeh.
             Mangled by a gnoll
             ... wielding a +0 halberd
              (10 damage)
             ... on level 2 of the Dungeon.
             The game lasted 00:09:31 (807 turns).

Gwanngwann the Chiller (Draconian Ice Elementalist)  Turns: 807, Time: 00:09:31

Health: -9/33      AC:  5    Str: 10    XL:     4   Next: 4%
Magic:  6/7        EV:  4    Int: 15    God:    Nemelex Xobeh [......]
Gold:   39         SH:  0    Dex: 13    Spells: 7/8 levels left

rFire    . . .     SeeInvis .   a - +1 dagger (venom)
rCold    . . .     Gourm    .   j - +0 large shield
rNeg     . . .     Faith    .   (armour unavailable)
rPois    .         Spirit   .   (helmet restricted)
rElec    .         Reflect  .   (no cloak)
rCorr    .         Harm     .   (no gloves)
MR       .....                  (no boots)
Stlth    ++........             (no amulet)
HPRegen  0.11/turn              (no ring)
MPRegen  0.10/turn              (no ring)

@: very slightly contaminated, held
A: unfitting armour, cold-blooded, AC +5
a: Draw Escape, Draw Destruction, Draw Summoning, Renounce Religion


You were on level 2 of the Dungeon.
You worshipped Nemelex Xobeh.
Nemelex Xobeh was noncommittal.
You were not hungry.

You visited 1 branch of the dungeon, and saw 2 of its levels.

You collected 39 gold pieces.

Inventory:

Hand Weapons
 a - a +1 dagger of venom (weapon)
 h - a +0 flail
Missiles
 g - 20 arrows
Armour
 f - a +0 ring mail
 i - a +0 ring mail
 j - a +0 large shield (worn)
Potions
 d - a potion of brilliance {unknown}
 e - a potion of curing {unknown}
Comestibles
 b - a ration
 c - a chunk of flesh


   Skills:
 + Level 0.3 Short Blades
 + Level 2.3 Dodging
 + Level 2.2 Stealth
 + Level 2.6 Spellcasting
   Level 1.0 Conjurations
 + Level 3.8 Ice Magic


You had 7 spell levels left.
You knew the following spells:

 Your Spells              Type           Power        Failure   Level  Hunger
a - Freeze                Ice            ##..         75%         1    #......

Your spell library contained the following spells:

 Spells                   Type           Power        Failure   Level  Hunger
 Throw Frost              Conj/Ice       #.....       97%         2    ###....
 Ozocubu's Armour         Chrm/Ice       #.......     100%        3    ###....
 Summon Ice Beast         Ice/Summ       #.......     100%        4    #####..
 Throw Icicle             Conj/Ice       #.......     100%        4    #####..


Dungeon Overview and Level Annotations

Branches:
Dungeon (2/15)

Altars:
Nemelex Xobeh


Innate Abilities, Weirdness & Mutations

Your plain brown scales are hard. (AC +5)
You cannot fit into any form of body armour.
You are cold-blooded and may be slowed by cold attacks.


Message History

The gnoll hits you with a +0 flail.
You closely miss the gnoll. You tail-slap the gnoll.
The gnoll is heavily wounded.
The gnoll hits you with a +0 flail!
* * * LOW HITPOINT WARNING * * *
You kill the gnoll!
You have reached level 4!
You feel agile.
The gnoll throws a throwing net.
The throwing net hits you.
You become entangled in the net!
Things that are here:
a throwing net; a stone You struggle against the net.
You struggle against the net.
The gnoll hits you from afar with a +0 halberd.
* * * LOW HITPOINT WARNING * * *
You struggle against the net.
The gnoll hits you but does no damage.
The gnoll hits you from afar with a +0 halberd!
You die...
Your body disappears without a glow.

#####'''###### #....#
#####...########....#
☼.§##...##§☼§###....#
§°○☼#.⌠.#§§§§○##...##
§§§§#...#§§○§○##....#
○.○.#...#○☼°☼§##..).#
§§§##...##§°.###lg†.#
#####...########g(.##
......_.......⌠#@.##
#####...########.##
#§###...#○.○○.##(#
○○☼##...#§§§§○##.#
○°§°#...#○§°○○##.#
○§.##.⌠.#☼§○§§##.#
#○###...#.°☼§☼##.#
#####...########.#
#####'''########.#


You could see 2 gnolls and a frilled lizard.

Vanquished Creatures
  3 gnolls
  An adder (D:2)
  2 dart slugs
  2 leopard geckos (D:1)
  An orc (D:2)
  A giant cockroach (D:1)
  A goblin (D:1)
  3 hobgoblins (D:1)
  3 jackals (D:1)
  3 bats (D:1)
  A frilled lizard (D:1)
  3 kobolds (D:1)
  4 rats
28 creatures vanquished.

Notes
Turn   | Place    | Note
-------+----------+-------------------------------------------
     0 | D:1      | Gwanngwann the Draconian Ice Elementalist began the quest
                  | for the Orb.
     0 | D:1      | Reached XP level 1. HP: 14/14 MP: 3/3
   184 | D:1      | Reached XP level 2. HP: 20/20 MP: 5/5
   418 | D:1      | HP: 1/20 [gnoll/+0 flail (10)]
   419 | D:1      | Reached XP level 3. HP: 2/26 MP: 4/6
   717 | D:2      | Found a sparkling altar of Nemelex Xobeh.
   727 | D:2      | Became a worshipper of Nemelex Xobeh the Trickster
   804 | D:2      | Reached XP level 4. HP: 5/33 MP: 5/7
   806 | D:2      | HP: 1/33 [gnoll/+0 halberd (4)]
   807 | D:2      | Mangled by a gnoll

Levels and vault maps discovered:
D:1:      eino_arrival_tree_alley, layout_rooms, minivault_19
D:2:      cheibrodos_greedy_goblins, layout_rooms, fiery_altar_vehumet,
          cheibriados_altar_1, nemelex_altar_shiori, first_ration, uniq_sigmund,
          uniq_robin

Skill      XL: |  1  2 |
---------------+-------+-----
Dodging        | 2 |  2.3
Stealth        | 2 |  2.2
Short Blades   | |  0.3
Spellcasting   | |  2.6
Conjurations   | |  1.0
Ice Magic      | |  3.8

Action                   |  1- 3 |  4- 6 || total
-------------------------+-------+-------++-------
Melee: Dagger            |    75 |       ||    75
       Tailslap          |     7 |       ||     7
 Cast: Freeze            |     3 |       ||     3
  Use: Scroll            |     1 |       ||     1
 Stab: Sleeping          |     6 |       ||     6
Armor: Skin              |    15 |     1 ||    16
Dodge: Dodged            |    39 |       ||    39
Block: Large shield      |    12 |       ||    12
